AoeStats
← ThunderboltX

Arabia

510220383Analyzed
1v1 RM · 3d ago on Sep 30, 2026· 42m 6s· 2 players
Game mode
Random Map
Map size
Tiny (2 player)
Population
200
Speed
Normal
Resources
Standard
Victory
Conquest
Starting age
Dark Age
Ending age
Imperial Age
RankedLock teamsTeams togetherTeam positionsShared explorationLock speedFull tech treeHidden civsTurbo modeCheats
Victory
Defeat
🇧🇬 Inca · Bulgaria
2417
+30
🇦🇺 Danes · Australia
2854
-30
wR.ACCM
6:00 Loom
8:42 Feudal Age
9:19 Double-Bit Axe
16:01 Fletching
17:57 Padded Archer Armor
21:20 Castle Age
19:53 Scale Mail Armor
19:55 Horse Collar
21:25 Forging
22:40 Bow Saw
22:33 Squires
30:10 Wheelbarrow
31:50 Bodkin Arrow
32:27 Husbandry
33:18 Gold Mining
33:47 Bloodlines
34:52 Leather Archer Armor
36:25 Chain Mail Armor
38:04 Chain Mail Armor
40:42 Iron Casting
41:02 Heavy Plow
45:00 Imperial Age
ThunderboltX
5:52 Loom
8:47 Feudal Age
8:51 Champi Runner
9:19 Double-Bit Axe
15:58 Scale Mail Armor
20:41 Castle Age
19:26 Forging
20:59 Horse Collar
20:51 Champi Warrior
21:56 Squires
22:46 Chain Mail Armor
23:41 Fletching
24:33 Bodkin Arrow
26:21 Ballistics
31:05 Arson
31:40 Elite Skirmisher
32:26 Padded Archer Armor
34:11 Leather Archer Armor
34:14 Bow Saw
35:06 Crossbowman
40:15 Imperial Age
37:59 Stone Mining
38:00 Gold Mining
38:14 Heavy Plow
38:05 Gold Mining
38:53 Wheelbarrow
40:59 Bracer
42:00 Chemistry
40:48 Elite Champi Warrior
41:55 Masonry
41:52 Town Watch
Connection lost

Rejoining the realm…

Still unreachable

The connection could not be restored.

Session expired

The server has moved on; the page needs a fresh start.